 Dungeon Crawl Stone Soup version 0.28-a0-895-g6e5f11bd55 (webtiles) character file.

Game seed: 4794833050376554622

37 demibob the Shield-Bearer (level 3, 27/29 HPs)
             Began as a Demonspawn Fighter on Nov 23, 2021.
             Quit the game on level 2 of the Dungeon.
             The game lasted 00:01:07 (979 turns).

demibob the Shield-Bearer (Demonspawn Fighter)       Turns: 979, Time: 00:01:08

Health: 27/29      AC:  6    Str: 17    XL:     3   Next: 23%
Magic:  3/3        EV:  9    Int:  9    God:
Gold:   37         SH:  5    Dex: 14    Spells: 2/2 levels left

rFire   . . .      SeeInvis .   a - +0 war axe
rCold   + . .      Faith    .   c - +0 buckler
rNeg    . . .      Spirit   .   b - +0 scale mail
rPois   .          Reflect  .   (no helmet)
rElec   .          Harm     .   (no cloak)
rCorr   .          Rampage  .   (no gloves)
Will    .....                   (no boots)
Stlth   +.........              (no amulet)
HPRegen 0.09/turn               C - ring of protection from cold
MPRegen 0.16/turn               (no ring)

@: no status effects
A: thin skeletal structure 1, magic regeneration
a: no special abilities


You were on level 2 of the Dungeon.
You visited 1 branch of the dungeon, and saw 2 of its levels.

You collected 37 gold pieces.


Innate Abilities, Weirdness & Mutations

You have a somewhat thin skeletal structure. (Dex +2, Stealth+)
You regenerate magic rapidly.


   Skills:
 - Level 3.0 Fighting
 + Level 2.6 Axes
 - Level 2.6 Armour
 + Level 3.3 Shields


You had 2 spell levels left.
You didn't know any spells.
Your spell library contained the following spells:

 Spells                   Type           Power      Damage    Failure   Level
 Blink                    Tloc           0%         N/A       92%         2
 Lesser Beckoning         Tloc           0%         N/A       99%         3
 Manifold Assault         Tloc           0%         N/A       100%        5

Inventory:

Hand Weapons
 a - a +0 war axe (weapon)
Armour
 b - a +0 scale mail (worn)
 c - a +0 buckler (worn)
Jewellery
 C - a ring of protection from cold (left hand)
Potions
 d - a potion of might
 e - a potion of heal wounds {unknown}
 f - a potion of attraction

Dungeon Overview and Level Annotations

Branches:
Dungeon (2/15)

Altars:

#.##### #.####.## #.#
........ #<# .###.##
#.# #... #.# #### #.# #
#.# #
####.##########..######
#.....@.....$..........
#.####.###..###........
# .... #........ .###.#
#..###### .. ... #..#
.# .## #..# ### .. . .#
#<.# #>. .#
....#####..# #.#
.......)...####.#


There were no monsters in sight!


Message History

Are you sure you want to abandon this character and quit the game? (Confirm with "yes".)
Okay, then.
HP restored.
e - a pink potion
Found an escape hatch in the ceiling.
There is an escape hatch in the ceiling here.
An adder comes into view.
The adder hisses angrily.
Found 3 gold pieces.
The adder bites you but does no damage.
You closely miss the adder. You block the adder's attack.
The adder bites you but does no damage.
You slash the adder!
The adder is severely wounded.
The adder bites you.
You hit the adder.
You kill the adder!
No target in view!
No target in view!
No target in view!
No target in view!
No target in view!
No target in view!
No target in view!
No target in view!
No target in view!
No target in view!
No target in view!
Unknown command.
Are you sure you want to abandon this character and quit the game? (Confirm with "yes".)

Skill      XL: |  1 |
---------------+----+-----
Axes           | 2 |  2.6
Shields        | 3 |  3.3
Fighting       | |  3.0
Armour         | |  2.6

Action                   || total
-------------------------++-------
Melee: War axe           ||    49
  Use: Scroll            ||     1
Armor: Scale mail        ||    16
Dodge: Dodged            ||    14
Block: Buckler           ||    13

Levels and vault maps discovered:
D:1:      minmay_arrival_plants_in_alcoves, layout_loops_cross
D:2:      layout_loops_ring, nicolae_ecumenical_oubliette,
          hangedman_abyss_or_decor_stabs

Notes
Turn   | Place    | Note
-------+----------+-------------------------------------------
     0 | D:1      | demibob the Demonspawn Fighter began the quest for the Orb.
     0 | D:1      | Reached XP level 1. HP: 18/18 MP: 1/1
   210 | D:1      | Reached skill level 2 in Axes
   257 | D:1      | Reached skill level 3 in Shields
   334 | D:1      | Gained mutation: You have a somewhat thin skeletal
                  | structure. (Dex +2, Stealth+) [demonic ancestry]
   334 | D:1      | Reached XP level 2. HP: 24/24 MP: 2/2
   927 | D:2      | Gained mutation: You regenerate magic rapidly. [demonic
                  | ancestry]
   927 | D:2      | Reached XP level 3. HP: 28/29 MP: 3/3
   979 | D:2      | Quit the game

Vanquished Creatures
  An adder (D:2)
  A dart slug (D:1)
  3 ball pythons (D:1)
  A bat (D:1)
  5 endoplasms
  A giant cockroach (D:1)
  2 goblins (D:1)
  A hobgoblin (D:1)
  3 quokkas
  3 frilled lizards (D:1)
  A kobold (D:2)
  3 rats (D:1)
25 creatures vanquished.

Table legend: (Time is in decaauts)
 A = Elapsed time spent in this place.
 B = Non-inter-level travel time spent in this place.
 C = Inter-level travel time spent in this place.
 D = Time resting spent in this place.
 E = Time spent auto-exploring this place.
 F = Levels seen in this place.
 G = Mean time per level.
                   A        B        C        D        E       F      G
               +--------+--------+--------+--------+--------+-----+--------+
         Total |    998 |    962 |     36 |      0 |    797 |   2 |  499.0 |
       Dungeon |    998 |    962 |     36 |      0 |    797 |   2 |  499.0 |
               +--------+--------+--------+--------+--------+-----+--------+

Top non-repeatable levels by time:
     D:1: 906 daAuts
     D:2: 91 daAuts

Table legend:
 A = Non-vault XP
 B = Vault XP
 C = Vault XP percentage of total XP
 D = Non-vault monster count
 E = Vault monster count
 F = Vault count percentage of total count
                 A         B        C        D         E       F
            +---------+---------+-------+---------+---------+-------
      Total |      54 |       0 |   0.0 |      25 |       0 |   0.0
            +---------+---------+-------+---------+---------+-------
        D:1 |      36 |       0 |   0.0 |      21 |       0 |   0.0
        D:2 |      18 |       0 |   0.0 |       4 |       0 |   0.0
            +---------+---------+-------+---------+---------+-------
